[Event "Early-Titled-Tuesday-Blitz-June-18-2024"]
[Site "Chess.com"]
[Date "2024.06.18"]
[Round "2"]
[White "CristianS27"]
[Black "jamengrand"]
[Result "0-1"]
[WhiteElo "2492"]
[BlackElo "2294"]
[TimeControl "180+1"]
[EndTime "8:19:23 PDT"]
[Termination "jamengrand won on time"]

1. e4 e5 2. Nf3 Nc6 3. Bc4 Nf6 4. d4 exd4 5. Ng5 d5 6. exd5 Qe7+ 7. Kf1 Ne5 8. Qxd4 Nxc4 9. Qxc4 Qc5 10. Qe2+ Be7 11. Be3 Qxd5 12. Nc3 Qc6 13. Re1 O-O 14. h3 h6 15. Nf3 Bb4 16. Nd4 Qd7 17. Qf3 b6 18. Kg1 Ba6 19. Nf5 Bxc3 20. bxc3 Kh7 21. Nxh6 Rae8 22. Qf5+ Kh8 23. Kh2 Rxe3 24. fxe3 Qd6+ 25.
Qf4 Qxf4+ 26. exf4 gxh6 27. Re7 Nd5 28. Rd7 Nxf4 29.
Rxc7 Kg7 30. Rxa7 Bc8 31. Rf1 Nd5 32. c4 Nf6 33. Rf3 Be6 34. Rb3 Rc8 35. Rxb6 Kg6 36. Rb4 h5 37. a4 h4 38. a5 Rc5 39. a6 Ra5 40. Ra8 Nh5 41. c5 Ng3 42. Rxh4 Nf5 43. Rg4+ Kf6 44. a7 Bd5 45. Rd8 Bxg2 46. Kxg2 Rxa7 47. Rf4 Ke5 48. Rxf5+ Kxf5 49. Rc8 Ra2 50. c6 Rxc2+ 51. Kf3 Rc3+ 52. Kg2 Kf4 53. h4 f5 54. c7 Rc2+ 55. Kg1 Kf3 56. h5 Rc1+ 57. Kh2 f4 58. h6 Rc6 59. h7 Rh6+ 60. Kg1 Rxh7 0-1

[Event "Early-Titled-Tuesday-Blitz-June-18-2024"]
[Site "Chess.com"]
[Date "2024.06.18"]
[Round "2"]
[White "VM2027"]
[Black "Itay121"]
[Result "1-0"]
[WhiteElo "2341"]
[BlackElo "2522"]
[TimeControl "180+1"]
[EndTime "8:19:24 PDT"]
[Termination "VM2027 won by checkmate"]

1. e4 c5 2. Nf3 e6 3. d4 cxd4 4. Nxd4 Nc6 5. Nb5 Nf6 6. Bd3 a6 7. N5c3 Bb4 8. O-O O-O 9. Bg5 d6 10. a3 Bc5 11. Nd2 h6 12. Bf4 Ne5 13. Nc4 Nxd3 14.
Qxd3 e5 15. Bg3 b5 16. Ne3 Bxe3 17. Qxe3 Bb7 18. Bh4 g5 19. Bg3 Kg7 20. Rfd1 Qc7 21. f3 Rac8 22. Bf2 Rfd8 23. Rd2 d5 24. exd5 Nxd5 25. Nxd5 Rxd5 26. Rad1 Rcd8 27. Bg3 f6 28. c3 Qc4 29. h3 R8d7 30. Kh2 Rxd2 31. Rxd2 Rxd2 32. Qxd2 Qd5 33. Qe3 Kf7 34. Bf2 Bc8 35. Qa7+ Bb7 36. Qb6 Kg6 37. Be3 h5 38. Qc5 Qd7 39. Qf8 Kf5 40. h4 g4 41. Qh8 Qf7 42.
fxg4+ hxg4 43. Qd8 Ke4 44. Bf2 f5 45. Qd2 f4 46. Qc2+ Kd5 47. Qb3+ Ke4 48. Qxf7 g3+ 49. Bxg3 fxg3+ 50. Kxg3 Bd5 51. Qg6+ Ke3 52. Qxa6 e4 53.
Qb6+ Kd3 54. Qd4+ Kc2 55. Qxd5 e3 56. Qxb5 Kd2 57. Kf3 e2 58. Qxe2+ Kc1 59. h5 Kb1 60. h6 Ka2 61. h7 Kb3 62. h8=Q Ka4 63. Qd4+ Kb3 64. Qed1+ Ka2 65. Qc4+ Kxb2 66. Qcb3# 1-0

[Event "Early-Titled-Tuesday-Blitz-June-18-2024"]
[Site "Chess.com"]
[Date "2024.06.18"]
[Round "2"]
[White "gpsji27"]
[Black "chess_peak"]
[Result "1-0"]
[WhiteElo "2323"]
[BlackElo "2512"]
[TimeControl "180+1"]
[EndTime "8:19:25 PDT"]
[Termination "gpsji27 won by checkmate"]

1. d4 Nf6 2. Nf3 d5 3. Bg5 Ne4 4. Bh4 c5 5. e3 Qb6 6. Nc3 Qxb2 7. Nxe4 dxe4 8. Nd2 cxd4 9. Rb1 Qc3 10. Rb3 Qa5 11.
Bc4 Nc6 12. O-O e6 13. Nxe4 Be7 14. Bxe7 Kxe7 15. exd4 Rd8 16. Rd3 Kf8 17. d5 exd5 18. Bxd5 Bf5 19. c4 Ne5 20. Rd4 Qb6 21. Nc3 Rac8 22.
Rf4 Bg6 23. Qe2 Qd6 24. Rd1 Qb8 25. h4 h5 26. Re1 Ng4 27. g3 Re8 28. Qd2 Rxe1+ 29.
Qxe1 Re8 30. Qd2 b6 31. Nb5 Qe5 32. Nd4 Kg8 33. Nf3 Qa1+ 34. Kg2 Ne5 35. Ng5 Rf8 36. Qe3 Ng4 37. Qf3 Qxa2 38. Nxf7 Bxf7 39. Rxf7 Rxf7 40. Qxf7+ Kh7 41. Qxh5+ Nh6 42. Qf3 Qb2 43. Be4+ Kg8 44. Bd5+ Kh7 45. Qd3+ Kh8 46. Qe3 Qf6 47. Qe8+ Kh7 48.
Be4+ g6 49. Qd7+ Qg7 50. Qd5 Nf7 51. h5 Ne5 52. f4 Ng4 53. hxg6+ Kh8 54. Qh5+ Nh6 55. Qd5 Qb2+ 56. Kh3 Qf6 57. Qa8+ Ng8 58. Qxa7 Qe6+ 59. f5 Qf6 60. Qh7# 1-0

[Event "Early-Titled-Tuesday-Blitz-June-18-2024"]
[Site "Chess.com"]
[Date "2024.06.18"]
[Round "2"]
[White "Karina_Ivanova"]
[Black "Kotofeyca"]
[Result "1/2-1/2"]
[WhiteElo "2270"]
[BlackElo "2497"]
[TimeControl "180+1"]
[EndTime "8:19:25 PDT"]
[Termination "Game drawn by repetition"]

1. c4 c6 2. Nc3 d5 3. d4 Nf6 4. Nf3 dxc4 5. a4 Bg4 6. e3 e5 7.
dxe5 Qxd1+ 8. Nxd1 Nfd7 9. Bxc4 Bxf3 10. gxf3 Bb4+ 11. Nc3 Nxe5 12. Be2 a5 13. f4 Ned7 14. O-O Na6 15. Rd1 Nac5 16. Bd2 Nb3 17. Rab1 Nxd2 18.
Rxd2 Nc5 19. Bd1 Ke7 20. Bc2 Rhd8 21. Rbd1 h6 22. Kf1 Rxd2 23. Rxd2 b5 24. axb5 Bxc3 25.
bxc3 cxb5 26. Rd5 Rc8 27. Ke2 a4 28. Kd2 Rd8 29. Rxd8 Kxd8 30. Kc1 Kc7 31. Kb2 Kc6 32. Ka3 Na6 33. c4 bxc4 34. Kxa4 Kc5 35. Ka3 Nb4 36. Be4 Nd5 37. Kb2 Nf6 38. Bf5 Kb4 39. Kc2 Nd5 40. Be4 Nc3 41. Bf3 f6 42. Bg4 Nb5 43. Bf3 Na3+ 44. Kc1 Kc3 45. Be4 Nb5 46. Bf5 Nd6 47. Bc2 Nb5 48. Be4 Na3 49. Bf5 Kb4 50. Be4 Nb5 51. Kb2 Nc3 52. Bf3 Nb5 53. Be4 c3+ 54.
Kc2 Na3+ 55. Kc1 Kb3 56. Bd5+ Kb4 57. Be4 Kc5 58. Bf5 Kc4 59. Be4 Nb5 60. Kc2 Na3+ 61. Kc1 Kb3 62. Bd5+ Kb4 63. Be4 1/2-1/2

[Event "Early-Titled-Tuesday-Blitz-June-18-2024"]
[Site "Chess.com"]
[Date "2024.06.18"]
[Round "2"]
[White "banjadvorovi"]
[Black "bescmelasti"]
[Result "1-0"]
[WhiteElo "2416"]
[BlackElo "2616"]
[TimeControl "180+1"]
[EndTime "8:19:26 PDT"]
[Termination "banjadvorovi won by resignation"]

1. e4 e6 2. d3 d5 3. Nd2 Nc6 4. Ngf3 Nf6 5. Be2 dxe4 6. dxe4 e5 7. O-O Bc5 8. c3 a5 9. Qc2 O-O 10. h3 Qe7 11. Rd1 Nh5 12. Nf1 Nf4 13. Ne3 Nxe2+ 14. Qxe2 f6 15. Nd5 Qf7 16. Be3 Bxe3 17. Qxe3 Be6 18. Qc5 Rfd8 19. a3 a4 20. Nb4 Rxd1+ 21. Rxd1 Na5 22. Qe3 Nc4 23. Qe2 c6 24. Qc2 Qc7 25. Nd2 Nd6 26. c4 h6 27. c5 Nb5 28.
Nc4 Nd4 29. Qd3 Rd8 30. Qf1 Bxc4 31. Qxc4+ Kh7 32. Rd3 Qa5 33. Kh2 Qb5 34. Qxb5 cxb5 35. Nc2 Kg8 36. Nxd4 exd4 37. f4 Kf7 38. Kg3 Ke6 39.
Kf3 Rc8 40. Rxd4 Rxc5 41. Rb4 h5 42. b3 Rc3+ 43. Ke2 Rxb3 44. Rxb3 axb3 45. Kd3 g5 46. g3 h4 47. gxh4 gxh4 48. Kc3 f5 49. e5 Kd5 50.
Kxb3 Kc5 51. Kc3 b6 52. Kb3 Kd5 53. Kb4 Kc6 54. a4 bxa4 55. Kxa4 Kc5 56. Kb3 b5 57. Kc3 b4+ 58. Kb3 Kb5 59. e6 Kc6 60. Kxb4 Kd6 61. Kb5 Kxe6 62. Kc5 Ke7 63. Kd5 Kf6 64. Kd6 Kf7 65. Ke5 Kg6 66. Ke6 Kh6 67. Kxf5 Kh5 68. Ke5 Kh6 69. Ke4 Kg6 70. f5+ Kf6 71. Kf4 Kf7 72. Kg5 Kg7 73. Kxh4 Kf6 74. Kg4 Kf7 75. Kf4 Kg7 76. h4 1-0

[Event "Early-Titled-Tuesday-Blitz-June-18-2024"]
[Site "Chess.com"]
[Date "2024.06.18"]
[Round "2"]
[White "TimurDushatov"]
[Black "arctic_t00"]
[Result "0-1"]
[WhiteElo "2368"]
[BlackElo "2732"]
[TimeControl "180+1"]
[EndTime "8:19:27 PDT"]
[Termination "arctic_t00 won by resignation"]

1. e4 c6 2. d4 d5 3. exd5 cxd5 4. Bd3 Nc6 5. c3 Nf6 6. h3 g6 7. Nf3 Bf5 8. Be2 Bg7 9. Bf4 O-O 10. O-O Ne4 11.
Nbd2 Nd6 12. Re1 Re8 13. Nb3 Nc4 14. Bxc4 dxc4 15. Nc5 b6 16. Ne4 Qd5 17. Ng3 Bd3 18. Qd2 Rad8 19. Ne5 Nxe5 20. Bxe5 f6 21. Bf4 e5 22. dxe5 fxe5 23. Bh6 Bh8 24. h4 e4 25. h5 Re6 26. Bg5 Rf8 27. Ne2 Qf5 28. Ng3 Qg4 29. Bh6 Rfe8 30. Qg5 Qxg5 31. Bxg5 b5 32. hxg6 Rxg6 33. Be3 a5 34. Bc5 Rc6 35. Be3 b4 36. Bd2 Rb6 37. Be3 Rb5 38. a4 Rb7 39. Bd2 bxc3 40.
Bxc3 Bxc3 41. bxc3 Rb3 42. Rac1 Ra3 43. f3 e3 44. Ne4 Bxe4 45. fxe4 Rxe4 46. Kf1 Rxa4 47. Ke2 Ra2+ 48. Kf3 Re7 49. Rxe3 Rxe3+ 50. Kxe3 Rxg2 51. Kd4 Rg4+ 52. Kc5 h5 53. Kb5 h4 54. Kxa5 Kg7 55.
Kb5 Kg6 56. Kc5 Kg5 57. Kd5 h3 58. Rh1 Kh4 59. Ke5 Kg3 60. Rg1+ Kf3 61. Rd1 h2 62.
Rh1 Kg2 0-1

[Event "Early-Titled-Tuesday-Blitz-June-18-2024"]
[Site "Chess.com"]
[Date "2024.06.18"]
[Round "2"]
[White "rockstar0902"]
[Black "MatthewG-p4p"]
[Result "1-0"]
[WhiteElo "2620"]
[BlackElo "2855"]
[TimeControl "180+1"]
[EndTime "8:19:28 PDT"]
[Termination "rockstar0902 won by resignation"]

1. c4 e6 2. Nc3 d5 3. d4 c6 4. e4 dxe4 5. Nxe4 Bb4+ 6. Bd2 Qxd4 7. Bxb4 Qxe4+ 8. Be2 Na6 9. Ba5 f6 10. Nf3 b6 11.
Bc3 Nh6 12. Nd2 Qf5 13. Bf3 Bb7 14. Ne4 Nf7 15. Nd6+ Nxd6 16. Qxd6 Rd8 17. Qg3 O-O 18. O-O Nc5 19. Rfe1 e5 20. b4 Nd3 21. Be4 Qf4 22.
Bxd3 Qxg3 23. Bxh7+ Kxh7 24. hxg3 Rd3 25. Rac1 Rfd8 26. f4 Rxg3 27. fxe5 c5 28. Rc2 cxb4 29. Bxb4 fxe5 30. Rxe5 Rd1+ 31. Kh2 Rg4 32. Re7 Be4 33.
Rf2 Rc1 34. Rxa7 Rxc4 35. Bf8 Bd5 36. Rd7 Be4 37. Re7 Rc6 38. Bxg7 Rxg7 39. Rxe4 Rh6+ 40.
Kg1 Rhg6 41. Rb2 Rc6 42. Reb4 Rgg6 43. g4 Kg7 44. Kg2 Kf6 45. Kg3 Ke7 46. Kf4 Kd7 47. Kf5 Rcf6+ 48. Ke5 Kc7 49. g5 Rc6 50. Kf5 Rg8 51. Rb5 Rf8+ 52. Kg4 Rg8 53. R2b4 Kb7 54. a4 Ka6 55. Rf4 Rgg6 56. Rf8 Rg7 57. Ra8+ Kb7 58.
Rf8 Rc4+ 59. Kh5 Rxa4 60. Rf6 Ra6 61. g6 Ka7 62. Rf7+ Rxf7 63. gxf7 Ra4 64. f8=Q 1-0

[Event "Early-Titled-Tuesday-Blitz-June-18-2024"]
[Site "Chess.com"]
[Date "2024.06.18"]
[Round "2"]
[White "Silent-Killer100"]
[Black "c63_amg"]
[Result "0-1"]
[WhiteElo "2563"]
[BlackElo "2804"]
[TimeControl "180+1"]
[EndTime "8:19:33 PDT"]
[Termination "c63_amg won by resignation"]

1. Nf3 c5 2. g3 Nc6 3. Bg2 e5 4. c4 g6 5. d3 Bg7 6. O-O Nge7 7.
Nc3 d6 8. Nd2 O-O 9. Nd5 Nxd5 10. cxd5 Ne7 11. a4 f5 12. Nc4 f4 13. Rb1 Kh8 14.
Bd2 Bg4 15. b4 cxb4 16. Bxb4 fxg3 17. fxg3 Rxf1+ 18. Qxf1 Nf5 19. e4 Nd4 20. Nxd6 Qd7 21. Bc5 Rf8 22. Qe1 Ne2+ 23. Kh1 b6 24. Ba3 Nd4 25. Nb5 Nc2 26. Qd2 Nxa3 27. Nxa3 Qxa4 28. Nb5 Bf3 29. Bxf3 Rxf3 30. d6 Bf6 31. Qc3 Rf2 32. Na3 Qd7 33. Rb2 Rxb2 34. Qxb2 Qxd6 35. Qb3 Qd7 36. Nc4 Qh3 37. Qd1 Qd7 38. Ne3 Kg7 39. Nd5 Bg5 40. Qa1 Bf6 41. Qf1 Qf7 42. Qa1 b5 43. g4 h5 44. gxh5 gxh5 45. Qg1+ Qg6 46. Qa1 Qg4 47. Qxa7+ Kg6 48. Qf2 Qd1+ 49. Kg2 Qg4+ 50.
Kh1 Bg5 51. Ne3 Bxe3 52. Qxe3 b4 53. Qb6+ Kg5 54. Qxb4 Qf3+ 55. Kg1 Qe3+ 56. Kg2 Qxd3 57. Qa4 Qe2+ 58. Kg1 Kf4 59. Qb3 Qe3+ 60. Qxe3+ Kxe3 61. Kf1 Kxe4 62. Ke2 Kf4 63. Kf2 Kg4 64. Kg2 e4 65. Kf2 Kh3 66. Kg1 e3 67. Kf1 Kxh2 68. Ke2 Kg3 69. Kxe3 h4 70. Ke2 Kg2 71. Ke3 h3 0-1

[Event "Early-Titled-Tuesday-Blitz-June-18-2024"]
[Site "Chess.com"]
[Date "2024.06.18"]
[Round "2"]
[White "DenishevM"]
[Black "mitrabhaa"]
[Result "0-1"]
[WhiteElo "2646"]
[BlackElo "2975"]
[TimeControl "180+1"]
[EndTime "8:19:34 PDT"]
[Termination "mitrabhaa won by checkmate"]

1. Nf3 g6 2. b3 Bg7 3. d4 f5 4. Bb2 Nf6 5. c4 O-O 6. g3 d6 7. Bg2 c6 8. O-O Ne4 9. Nc3 Nxc3 10.
Bxc3 Nd7 11. Re1 Nf6 12. d5 Bd7 13. Qc2 cxd5 14. cxd5 Rc8 15. Qb2 Qb6 16. Bd4 Qa5 17. Ng5 h6 18. Ne6 Bxe6 19. dxe6 Rc7 20. Rac1 Rfc8 21.
h3 b6 22. Rxc7 Rxc7 23. Rc1 Rxc1+ 24. Qxc1 Kh7 25. Qc7 Ng8 26. Bxg7 Kxg7 27. Qd8 Qe5 28. Qd7 a5 29. e3 h5 30. h4 b5 31. Bf1 b4 32. Bc4 Qf6 33. Qd8 Nh6 34. Qxa5 Ng4 35. Qa7 Kh7 36. Be2 Ne5 37. Qd4 Qxe6 38. Qxb4 Qd5 39.
Qd4 Qc6 40. Qd2 Qe4 41. b4 g5 42. hxg5 h4 43. Qd4 Qb1+ 44. Kh2 hxg3+ 45. fxg3 Qxa2 46. Qh4+ Kg7 47. Qh6+ Kg8 48. Qh5 Qd2 49. Qe8+ Kg7 50. Qxe7+ Nf7 51. Qf6+ Kg8 52. Qg6+ Kf8 53. Qh5 Qxe3 54.
g6 Ne5 55. Qh8+ Ke7 56. Qh7+ Kd8 57. Qg8+ Kc7 58. Qh7+ Kb6 59. Qh5 Qf2+ 60. Kh3 Qe1 61. Bf3 Ng4 62. Bxg4 Qh1# 0-1

[Event "Early-Titled-Tuesday-Blitz-June-18-2024"]
[Site "Chess.com"]
[Date "2024.06.18"]
[Round "2"]
[White "EddieUrquhart"]
[Black "KnightDuta"]
[Result "0-1"]
[WhiteElo "2423"]
[BlackElo "2749"]
[TimeControl "180+1"]
[EndTime "8:19:34 PDT"]
[Termination "KnightDuta won on time"]

1. e4 e5 2. Nf3 Nc6 3. d4 exd4 4. Bc4 Nf6 5. e5 d5 6. Bb5 Ne4 7. Nxd4 Bd7 8. Bxc6 bxc6 9. O-O Bc5 10. f3 Ng5 11. f4 Ne4 12. Be3 Bb6 13. c3 c5 14.
Nb3 Ba4 15. Qg4 O-O 16. N1d2 Nxd2 17. Nxd2 d4 18. cxd4 cxd4 19. Bf2 Qd5 20. b3 Bd7 21.
Qg3 f6 22. Nf3 Rae8 23. Rfe1 f5 24. Rad1 c5 25. Nd2 Ba5 26. Qd3 Bc6 27. Qc4 Bb4 28. Qxd5+ Bxd5 29. Re2 a5 30. Nc4 Re6 31. Nd6 a4 32. Rb1 axb3 33. axb3 Ra8 34. Be1 d3 35. Reb2 Bxe1 36. Rxe1 Be4 37. Nxe4 fxe4 38. Rxe4 Rd8 39. Rd2 Rb6 40. e6 Rxb3 41. e7 Re8 42. Kf2 Kf7 43.
Re5 c4 44. Rc5 Rxe7 45. Rxc4 Rd7 46. Ke3 Ke6 47. Re4+ Kf5 48. h3 Rb1 49. g4+ Kf6 50.
Rc4 Re1+ 51. Kf3 Rh1 52. Kg3 Re1 53. Rc6+ Kf7 54. Rc3 Re3+ 55. Kg2 Rd4 56. f5 h6 57.
Ra3 Kf6 58. Ra6+ Kg5 59. Rg6+ Kh4 60. Rxg7 Rg3+ 61. Kf2 Rf4+ 0-1

[Event "Early-Titled-Tuesday-Blitz-June-18-2024"]
[Site "Chess.com"]
[Date "2024.06.18"]
[Round "2"]
[White "BlackBoarder"]
[Black "ural58"]
[Result "1/2-1/2"]
[WhiteElo "2745"]
[BlackElo "2434"]
[TimeControl "180+1"]
[EndTime "8:19:35 PDT"]
[Termination "Game drawn by stalemate"]

1. d4 d5 2. Nc3 Nf6 3. Bf4 a6 4. Nf3 Nbd7 5. e3 c5 6. Be2 e6 7. O-O Be7 8. a4 Nh5 9. Be5 f6 10. Bg3 Nxg3 11. hxg3 O-O 12. e4 cxd4 13. Nxd4 Nb6 14. exd5 Nxd5 15. Nxd5 Qxd5 16. Bf3 Qd7 17. Re1 e5 18. Nb3 Rd8 19. Qxd7 Rxd7 20. Rad1 Rb8 21. Na5 Bb4 22. Rxd7 Bxd7 23. Rd1 Bxa4 24. Nxb7 Bxc2 25. Rd7 Bb3 26. Nd8 Rc8 27. Nc6 Bf8 28. Ne7+ Bxe7 29. Rxe7 a5 30. Ra7 a4 31. Kh2 f5 32. g4 e4 33. Be2 g6 34. gxf5 gxf5 35. Bb5 Rc2 36. Kg3 Rxb2 37. Bxa4 Bxa4 38. Rxa4 Kg7 39. Ra6 Re2 40. Re6 Kf7 41. Rh6 Kg7 42. Re6 h5 43. Ra6 h4+ 44. Kxh4 Rxf2 45. Kg3 e3 46. Re6 f4+ 47.
Kg4 Kf7 48. Re4 Kf6 49. g3 e2 50. gxf4 Rg2+ 51. Kf3 Rh2 52. Rxe2 Rxe2 53. Kxe2 Kf5 54. Kf3 Kf6 55. Ke4 Ke6 56. Kd4 Kf6 57. Ke3 Kf5 58.
Kf3 Kf6 59. Kg4 Kg6 60. f5+ Kf6 61. Kf4 Kf7 62. Ke5 Ke7 63. f6+ Kf7 64. Kf5 Kf8 65. Kg6 Kg8 66. f7+ Kf8 67. Kf6 1/2-1/2

[Event "Early-Titled-Tuesday-Blitz-June-18-2024"]
[Site "Chess.com"]
[Date "2024.06.18"]
[Round "2"]
[White "LoonsDeKoeben"]
[Black "MasterKroket"]
[Result "1/2-1/2"]
[WhiteElo "2368"]
[BlackElo "2542"]
[TimeControl "180+1"]
[EndTime "8:19:35 PDT"]
[Termination "Game drawn - insufficient material"]

1. e4 e5 2. Nf3 Nc6 3. d4 exd4 4.
Nxd4 Bc5 5. Nf5 Qf6 6. Nc3 Nge7 7. Ne3 d6 8. Bd3 Ne5 9. O-O c6 10. f4 Ng4 11. Qf3 Ng6 12. Kh1 Bxe3 13. Bxe3 Qh4 14. h3 Nxe3 15. Qxe3 O-O 16. Qf2 b5 17. Qxh4 Nxh4 18.
f5 b4 19. Nd1 c5 20. g3 Nxf5 21. exf5 Bb7+ 22. Kh2 Rfe8 23. Nf2 d5 24. Rfe1 c4 25. Bf1 a5 26. Bg2 Kf8 27. Ng4 f6 28. Kg1 a4 29.
Kf2 Rad8 30. Rxe8+ Kxe8 31. Re1+ Kd7 32. Ne3 Kd6 33.
Nxc4+ Kc5 34. Re7 Ba6 35. Rc7+ Kd4 36. Nd2 g6 37. Nf3+ Ke4 38. g4 gxf5 39. Nh4+ Kf4 40.
Nxf5 Re8 41. Rc6 Re2+ 42. Kg1 Bc4 43. Rxf6 Kg5 44. Rd6 Rxc2 45. Ne3 Rxb2 46. Bxd5 Bxd5 47. Rxd5+ Kf4 48. Nf5 Rxa2 49. Rd4+ Kf3 50. Nh4+ Kg3 51. Nf5+ Kxh3 52. Rxb4 Rg2+ 53. Kf1 Rxg4 54. Rxg4 Kxg4 55. Nd4 a3 56. Nc2 a2 57. Ke2 Kg3 58. Kd2 h5 59. Kc3 h4 60. Kb2 h3 61. Ne3 Kf3 62. Nf1 Kf2 63.
Nh2 Kg3 64. Nf1+ Kg2 65. Ne3+ Kf2 66. Ng4+ Kf3 67. Nh2+ Ke2 68. Kxa2 Kf2 69. Ng4+ Kf3 70. Nh2+ Kg3 71. Nf1+ Kf2 72. Nh2 Kg2 73. Ng4 Kg3 74. Ne3 h2 75. Nf1+ Kg2 76. Nxh2 1/2-1/2

[Event "Early-Titled-Tuesday-Blitz-June-18-2024"]
[Site "Chess.com"]
[Date "2024.06.18"]
[Round "2"]
[White "superchess02"]
[Black "bocah_sakit"]
[Result "1-0"]
[WhiteElo "2879"]
[BlackElo "2611"]
[TimeControl "180+1"]
[EndTime "8:19:36 PDT"]
[Termination "superchess02 won on time"]

1. b3 Nf6 2. Bb2 e6 3. g3 Be7 4.
Bg2 O-O 5. c4 d5 6. d4 Ne4 7.
Nf3 f5 8. O-O c6 9. Nbd2 Nd7 10.
Qc2 g5 11. Ne1 Bb4 12. Nb1 Ndf6 13. Nd3 Be7 14. Nd2 Bd7 15. Nf3 Be8 16. Nfe5 Rc8 17. c5 g4 18. f3 Ng5 19. Bc1 Nf7 20. Bf4 Nxe5 21. Bxe5 Bd7 22. b4 Qe8 23. Nf4 Nh5 24.
fxg4 fxg4 25. e3 Nxf4 26. exf4 Qg6 27. Qxg6+ hxg6 28. a4 a6 29. Rf2 g5 30. Bf1 gxf4 31. gxf4 Kf7 32. Be2 Rg8 33. Rg2 Rg6 34. Bxg4 Rh6 35.
Ra3 Rg8 36. Rag3 Kf8 37. Be2 Rxg3 38. hxg3 Be8 39. Bd3 Rh3 40. f5 Bg5 41. Rh2 Rxh2 42. Kxh2 Bd7 43. fxe6 Bxe6 44. b5 cxb5 45. axb5 a5 46.
Bc2 Bd7 47. Ba4 Bd2 48. Kg2 Kf7 49. Kf3 Kg6 50. c6 bxc6 51. bxc6 Bc8 52. Bc2+ Kf7 53. g4 Ba6 54. c7 Ke7 55. Bf4 Bc3 56. Ke3 Bb2 57.
g5 Bc1+ 58. Kf3 Bb2 59. Be5 Bc1 60. g6 Bh6 61. Kg4 Ke8 62. Kh5 1-0

[Event "Early-Titled-Tuesday-Blitz-June-18-2024"]
[Site "Chess.com"]
[Date "2024.06.18"]
[Round "2"]
[White "Defend1r"]
[Black "GMAneta"]
[Result "1-0"]
[WhiteElo "2549"]
[BlackElo "2358"]
[TimeControl "180+1"]
[EndTime "8:19:38 PDT"]
[Termination "Defend1r won on time"]

1. e4 c5 2. Nf3 Nc6 3. Bb5 Qc7 4. O-O Nf6 5. Qe2 a6 6. Bd3 e6 7. c3 b5 8. Bc2 Bb7 9. d4 cxd4 10.
cxd4 Nb4 11. Bb3 Bxe4 12. Rd1 Bc2 13. Nc3 Bxd1 14. Qxd1 Be7 15. a3 Nbd5 16. Nxd5 Nxd5 17. Bxd5 exd5 18. Qe2 d6 19. Bg5 f6 20. Bf4 Qd7 21.
Re1 Ra7 22. Nd2 O-O 23. Qf3 Qc6 24. Nb1 Bd8 25. Nc3 Ba5 26. b4 Bb6 27. Nxd5 Kh8 28. Qe4 Raf7 29. Qe6 Rd7 30. Nxb6 Rc7 31. Bxd6 Qxb6 32.
Bxc7 Qxc7 33. d5 h6 34. d6 Qc3 35. Qe7 Kh7 36. h3 Rd8 37. Re3 Qc1+ 38. Kh2 Qc8 39. Rg3 Rg8 40. d7 Qc7 41. f3 Qe5 42. Qxe5 fxe5 43. f4 Rd8 44. fxe5 Rxd7 45. Re3 Kg6 46.
g4 Rd2+ 47. Kg3 Kf7 48. Kf4 Ke6 49. Ke4 Rc2 50. Rd3 Rc4+ 51. Ke3 Kxe5 52. Kf3 Rc2 53. Re3+ Kd4 54. Re4+ Kd5 55. Re3 Ra2 56. Kf4 Kd4 57. Rf3 Re2 58. Kf5 Re7 59. Kg6 Kc4 60. h4 Rd7 61. h5 Rc7 62. Rf7 Rc6+ 63. Kxg7 Kb3 64. Rf3+ 1-0

[Event "Early-Titled-Tuesday-Blitz-June-18-2024"]
[Site "Chess.com"]
[Date "2024.06.18"]
[Round "2"]
[White "AGW2016"]
[Black "KINGOF2SOAP"]
[Result "1-0"]
[WhiteElo "2546"]
[BlackElo "2355"]
[TimeControl "180+1"]
[EndTime "8:19:41 PDT"]
[Termination "AGW2016 won by checkmate"]

1. d4 c5 2. d5 d6 3. c4 b5 4.
cxb5 a6 5. bxa6 Bxa6 6. Nc3 g6 7. e4 Bg7 8. Nf3 Qa5 9. Bd2 Bxf1 10. Kxf1 Nf6 11. g3 Nbd7 12. Kg2 O-O 13. Re1 Qc7 14. b3 e6 15. Bg5 Ne8 16. Be7 Bxc3 17. Bxf8 Nxf8 18.
dxe6 fxe6 19. e5 d5 20. h4 Bxe1 21. Qxe1 Ng7 22. a4 Qb7 23. Qc3 d4 24. Qxc5 Qxb3 25. Qxd4 Nf5 26. Qe4 Rb8 27. a5 Qb7 28. Qxb7 Rxb7 29. g4 Ne7 30. Nd4 Nd5 31. a6 Ra7 32. Nb5 Ra8 33. a7 Nd7 34. Kg3 Nxe5 35. Re1 Nc6 36.
Rxe6 Nxa7 37. Ra6 Nxb5 38. Rxa8+ Kg7 39. f4 Nbc7 40. Ra7 Kf6 41. Kf3 h5 42. Kg3 Ne6 43.
g5+ Kf5 44. Rf7+ Ke4 45. f5 gxf5 46. g6 f4+ 47. Kf2 Nb4 48. g7 Nxg7 49. Rxg7 Nd3+ 50.
Kf1 f3 51. Rg5 Nf4 52. Ra5 Ke3 53. Ra3+ Nd3 54. Ra5 Nf4 55. Re5+ Kd4 56. Re8 Ng2 57. Ra8 Ke3 58. Re8+ Kf4 59. Kf2 Nxh4 60. Rf8+ Kg5 61.
Kg3 Nf5+ 62. Kxf3 Nd4+ 63. Kg3 Ne6 64. Rg8+ Kh6 65. Kh4 Nf4 66. Rh8+ Kg6 67. Rf8 Ne6 68. Rg8+ Kh6 69. Rh8+ Kg6 70. Rxh5 Nf4 71. Rg5+ Kf6 72. Ra5 Ng6+ 73. Kg4 Ne5+ 74. Kf4 Ng6+ 75. Ke4 Kg7 76. Kf5 Ne7+ 77. Kg5 Ng8 78. Ra7+ Kh8 79. Kg6 Nh6 80.
Kxh6 Kg8 81. Kg6 Kf8 82. Kf6 Kg8 83. Re7 Kh8 84. Kg6 Kg8 85. Re8# 1-0

[Event "Early-Titled-Tuesday-Blitz-June-18-2024"]
[Site "Chess.com"]
[Date "2024.06.18"]
[Round "2"]
[White "GothamChess"]
[Black "savitha1030"]
[Result "1/2-1/2"]
[WhiteElo "2782"]
[BlackElo "2568"]
[TimeControl "180+1"]
[EndTime "8:19:43 PDT"]
[Termination "Game drawn - insufficient material"]

1. e4 c5 2. Nc3 g6 3. d4 Bg7 4. Be3 Nc6 5. d5 Nd4 6. Nge2 Nxe2 7. Bxe2 d6 8. h4 h5 9. f3 Nf6 10. Qd2 Bd7 11. a4 Qb6 12. Bb5 a6 13. a5 Qc7 14.
Be2 b5 15. axb6 Qxb6 16. Ra2 O-O 17. O-O Bb5 18. Rfa1 Bxe2 19. Qxe2 a5 20. Qd2 Nd7 21. Bh6 Bd4+ 22. Kh1 Rfb8 23. Ne2 Bf6 24. Bg5 Ne5 25. Bxf6 exf6 26. b3 c4 27. Nd4 cxb3 28. cxb3 Qb4 29.
Qxb4 Rxb4 30. Ra4 Rab8 31. Kg1 Nd3 32. Kf1 Nc5 33. Rxb4 Rxb4 34. Nc6 Rxb3 35. Nxa5 Rc3 36. Ra2 f5 37. exf5 gxf5 38. Ke2 Rd3 39. Rd2 Rc3 40.
Nc6 Kg7 41. Nd4 Kf6 42. Nb5 Rc4 43. Nxd6 Rxh4 44. Ne8+ Ke7 45. Ng7 Kf6 46. Ne8+ Ke7 47. Nc7 Nb7 48. Kf2 Nd6 49. Re2+ Kd7 50. Na6 Rd4 51.
Nc5+ Kd8 52. Re5 f6 53. Ne6+ Kd7 54. Nxd4 fxe5 55. Nc6 e4 56. Ke3 exf3 57. Kxf3 Ne4 58. Kf4 Kd6 59. Nb4 h4 60. Kxf5 Ng3+ 61. Kg4 Kc5 62.
Kxh4 Nf5+ 63. Kg5 Nd6 64. Nd3+ Kxd5 65. Nf4+ Ke5 66. g4 Nf7+ 67. Kg6 Kxf4 68. Kxf7 Kxg4 1/2-1/2

[Event "Early-Titled-Tuesday-Blitz-June-18-2024"]
[Site "Chess.com"]
[Date "2024.06.18"]
[Round "2"]
[White "salomez"]
[Black "Sek_Konstantin"]
[Result "0-1"]
[WhiteElo "2366"]
[BlackElo "2726"]
[TimeControl "180+1"]
[EndTime "8:19:43 PDT"]
[Termination "Sek_Konstantin won by checkmate"]

1. e4 e5 2. Nf3 Nc6 3. d4 exd4 4. Nxd4 Nf6 5. Nxc6 bxc6 6. Bd3 d5 7. exd5 cxd5 8.
O-O Be7 9. c4 O-O 10. cxd5 Nxd5 11. Nc3 Bb7 12. Re1 Nxc3 13. bxc3 Bf6 14. Bf4 g6 15.
Rb1 Bxc3 16. Re2 Bd5 17. Qc2 Qf6 18. Bxc7 Rac8 19. Bg3 h5 20. h4 Bd4 21. Qa4 Rc3 22. Rd1 Bc6 23. Qb4 Rd8 24. Kh2 Bc5 25. Qa5 Rdxd3 26. Rxd3 Rxd3 27. Qxc5 Kh7 28. Qxa7 Rd1 29.
Re7 Bd5 30. Qc7 Qa1 31. Rxf7+ Bxf7 32. Qxf7+ Qg7 33. Qf3 Ra1 34. Bf4 Rxa2 35. Bg5 Qc7+ 36. g3 Qa7 37. Be3 Qd7 38. Qf4 Ra4 39. Qe5 Ra6 40. Qb8 Rd6 41. Qb4 Rd3 42. Qf4 Rd6 43. Qh6+ Kg8 44. Qf4 Re6 45. Qc4 Qf7 46. Qd4 Re8 47.
Qd6 Kh7 48. Qd4 Qe6 49. Qa7+ Re7 50. Qd4 Qf7 51. Qc5 Re6 52. Qd4 Rf6 53. Qc5 Rf5 54.
Qd4 Rf6 55. Qc5 Rf5 56. Qd4 Qb7 57. Qd2 Rb5 58. Qd4 Rb1 59. f3 Rb4 60. Qf6 Rb2+ 61.
Kh3 Qd7+ 62. Qf5 Qxf5+ 63. g4 Qxf3# 0-1

[Event "Early-Titled-Tuesday-Blitz-June-18-2024"]
[Site "Chess.com"]
[Date "2024.06.18"]
[Round "2"]
[White "Bigfish1995"]
[Black "ellatambien"]
[Result "1-0"]
[WhiteElo "3130"]
[BlackElo "2679"]
[TimeControl "180+1"]
[EndTime "8:19:44 PDT"]
[Termination "Bigfish1995 won on time"]

1. Nf3 d5 2. e3 Nf6 3. b3 c5 4.
Bb2 Nc6 5. Bb5 Bd7 6. O-O e6 7.
c4 Bd6 8. d4 a6 9. dxc5 Bxc5 10. cxd5 exd5 11. Bxc6 Bxc6 12. Ba3 Bxa3 13. Nxa3 O-O 14.
Nc2 Ne4 15. Ncd4 Bd7 16. Qe2 Qf6 17. Rac1 Rac8 18. Qb2 h6 19. h3 Rfe8 20. a4 Qb6 21. Qa1 Qf6 22. a5 Qd6 23. Rfd1 Qf6 24. Qb2 Qd6 25.
b4 Qf6 26. Qb3 Qd6 27. Ne2 Rxc1 28. Rxc1 Bb5 29. Nf4 Bc4 30. Qb2 Nf6 31. Nd4 Qe5 32. Qc2 Ne4 33. Nd3 Qf6 34. Rd1 Qd6 35. Qb2 Qf6 36. Nc5 Nxc5 37. bxc5 Re7 38. Qb6 Rd7 39. Qxf6 gxf6 40. Nf5 Rc7 41. Nxh6+ Kf8 42. Rb1 Bb5 43. Rc1 Bc4 44. Rb1 Bb5 45. Nf5 Rxc5 46. Nd6 Bc6 47.
Nxb7 Bxb7 48. Rxb7 Rxa5 49. g4 Ra4 50. Rd7 Ra5 51. Kg2 Ke8 52. Rb7 Ra4 53. Kf3 d4 54. exd4 Rxd4 55. Rb6 Ra4 56. Rxf6 Ra3+ 57. Kg2 a5 58. h4 Ke7 59. Ra6 Ra4 60. Kg3 Ra3+ 61. f3 Ra1 62. g5 a4 63. Kf4 a3 64. h5 a2 65. h6 f6 66. g6 Rh1 67. Ra7+ Ke6 68. h7 Rh6 69. Rxa2 1-0